 Dungeon Crawl Stone Soup version 0.19-a0-1886-gd64a0f0 (webtiles) character file.

28 JeffiDaFish the Sneak (level 2, 0/19 HPs)
             Began as a Vampire Enchanter on Oct 17, 2016.
             Slain by a goblin
             ... wielding a +0 dagger
              (1 damage)
             ... on level 2 of the Dungeon.
             The game lasted 00:03:01 (935 turns).

JeffiDaFish the Sneak (Vampire Enchanter)            Turns: 935, Time: 00:03:02

Health: 0/19       AC:  5    Str:  4 (7)  XL:     2   Next: 96%
Magic:  0/5        EV: 12    Int: 14 (17) God:
Gold:   39         SH:  0    Dex: 13 (14) Spells: 2 memorised, 2 levels left

rFire  . . .     SeeInvis +     a - +1 dagger
rCold  . . .     Gourm    .     b - +2 robe
rNeg   + . .     Faith    .     (no shield)
rPois  .         Spirit   .     (no helmet)
rElec  .         Dismiss  .     (no cloak)
rCorr  .         Reflect  .     e - +0 pair of gloves
MR     .....     Harm     .     (no boots)
Stlth  +++.......               (no amulet)
                                (no ring)
                                (no ring)

@: lethally poisoned (0 -> -7), very slightly contaminated
A: fangs 3, see invisible, unbreathing
a: no special abilities


You were on level 2 of the Dungeon.
You were not thirsty.

You visited 1 branch of the dungeon, and saw 2 of its levels.

You collected 39 gold pieces.

Inventory:

Hand Weapons
 a - a +1 dagger (weapon)
Armour
 b - a +2 robe (worn)
 e - a +0 pair of gloves (worn)
Potions
 d - 4 potions of blood
Books
 c - a book of Maledictions

   Spells                             Type                      Level
   a - Corona                         Hexes                        1
   b - Ensorcelled Hibernation        Hexes/Ice                    2
   c - Confuse                        Hexes                        3
   d - Tukima's Dance                 Hexes                        3
   e - Dazzling Spray                 Conjuration/Hexes            3


   Skills:
 + Level 1.1 Short Blades
 + Level 2.2 Dodging
 + Level 5.5 Stealth
 + Level 2.3 Spellcasting
 + Level 4.7 Hexes


You had 2 spell levels left.
You knew the following spells:

 Your Spells              Type           Power        Failure   Level  Hunger
a - Corona                Hex            ##.....      3%          1    #......
b - Ensorcelled Hibernat  Hex/Ice        #.....       17%         2    ###....


Dungeon Overview and Level Annotations

Branches:
Dungeon (2/15)

Altars:


Innate Abilities, Weirdness & Mutations

You have razor-sharp teeth.
You have supernaturally acute eyesight. (SInv)
You can survive without breathing.


Message History

The helpless goblin fails to defend itself.
You impale the goblin!!
You kill the goblin!
* * * LOW HITPOINT WARNING * * *
You feel sick.
You hit the kobold but do no damage. The kobold hits you but does no damage.
You closely miss the kobold. You bite the kobold.
The kobold is severely wounded.
* * * LOW HITPOINT WARNING * * *
You feel sick.
You hit the kobold but do no damage.
The kobold is severely wounded.
The kobold hits you but does no damage.
You hit the kobold.
You kill the kobold!
* * * LOW HITPOINT WARNING * * *
You feel sick.
You miss the goblin. Your bite misses the goblin.
The goblin hits you with a dagger.
You die...

.. .# ..# .. .. .#
###.# ###.# ..# ....
....# ..# #.. #..#
##..####
#..#####..###.......
#..@g...†...........
#.######..#.........
# ##...............
##...#..#..<.<....
#.#.......##......K.
..........##........
.#...........#.#..##
.......(.##..#.#..#
###.....###..... .#


You could see a goblin.

Vanquished Creatures
  An adder (D:2)
  An ooze (D:1)
  A dart slug (D:1)
  A giant cockroach (D:1)
  3 goblins
  2 kobolds
  2 bats (D:1)
  A frilled lizard (D:2)
  A rat (D:1)
13 creatures vanquished.

Vanquished Creatures (others)
  A bat (D:2)
1 creature vanquished.

Grand Total: 14 creatures vanquished

Notes
Turn   | Place    | Note
-------+----------+-------------------------------------------
     0 | D:1      | JeffiDaFish the Vampire Enchanter began the quest for the Orb.
     0 | D:1      | Reached XP level 1. HP: 13/13 MP: 3/3
   441 | D:1      | Reached XP level 2. HP: 18/19 MP: 5/5
   698 | D:1      | Reached skill level 5 in Stealth
   702 | D:1      | Learned a level 2 spell: Ensorcelled Hibernation
   935 | D:2      | Slain by a goblin

Vault maps used:
D:1:      dpeg_arrival_chambers_temple_mockup, serial_park_tiny_pond,
          minmay_misc_feat_enclosed, minmay_misc_feat_rows
D:2:      elyvilon_altar_4

Skill      XL: |  1  2 |
---------------+-------+-----
Stealth        | 5 |  5.5
Short Blades   | |  1.1
Dodging        | |  2.2
Spellcasting   | |  2.3
Hexes          | |  4.7

Action                   || total
-------------------------++-------
Melee: Dagger            ||    50
       Bite              ||     4
 Cast: Ensorcelled Hiber ||     3
       Corona            ||     1
  Use: Scroll            ||     4
       Potion            ||     3
 Stab: Sleeping          ||     4
Armor: Robe              ||    17
Dodge: Dodged            ||    26
